 Dungeon Crawl Stone Soup version 0.29.1-15-g9cfb28693d (webtiles) character file.

Game seed: 4085788806763931793

130 Coron the Covered (level 5, 0/41 HPs)
             Began as a Meteoran Fighter on Mar 24, 2023.
             Was a Believer of Hepliaklqana.
             Slain by Duvessa
             ... wielding a +0 short sword
              (4 damage)
             ... on level 4 of the Dungeon.
             The game lasted 00:05:05 (572 turns).

Coron the Covered (Meteoran Fighter)                 Turns: 572, Time: 00:05:06

Health: 0/41       AC:  7    Str: 20    XL:     5   Next: 64%
Magic:  6/6        EV:  9    Int:  9    God:    Hepliaklqana [**....]
Gold:   59         SH:  5    Dex: 13    Spells: 4/4 levels left

rFire   . . .      SeeInvis .   a - +0 war axe
rCold   . . .      Faith    .   c - +0 buckler
rNeg    . . .      Spirit   .   b - +0 scale mail
rPois   .          Reflect  .   (no helmet)
rElec   .          Harm     .   (no cloak)
rCorr   .          Rampage  .   (no gloves)
Will    .....                   (no boots)
Stlth   ..........              (no amulet)
HPRegen 0.13/turn               e - ring of wizardry
MPRegen 0.10/turn               (no ring)

@: glowing
A: reduced essence, sense surroundings 1, otherworldly, glowing, explore regen
a: Renounce Religion, Recall Ancestor, Ancestor Identity


You were on level 4 of the Dungeon.
You worshipped Hepliaklqana.
Hepliaklqana was pleased with you.
You visited 1 branch of the dungeon, and saw 4 of its levels.

You collected 59 gold pieces.

Inventory:

Hand Weapons
 a - a +0 war axe (weapon)
 n - a +1 dagger of venom
Missiles
 f - 19 stones (quivered)
 m - 2 poisoned darts
Armour
 b - a +0 scale mail (worn)
 c - a +0 buckler (worn)
Jewellery
 e - a ring of wizardry (left hand)
Scrolls
 h - a scroll of butterflies {unknown}
 l - a scroll of teleportation {unknown}
 o - a scroll of identify {unknown}
 p - a scroll of enchant weapon {unknown}
Potions
 d - a potion of might
 g - a potion of heal wounds {unknown}
 i - 2 potions of ambrosia {unknown}
 j - a potion of lignification {unknown}
 k - a potion of brilliance {unknown}


   Skills:
 - Level 4.0 Fighting
 + Level 4.2 Axes
 - Level 5.0 Armour
 - Level 4.0 Shields


You had 4 spell levels left.
You didn't know any spells.
Your spell library was empty.

Dungeon Overview and Level Annotations

Branches:
Dungeon (4/15) Zot: 1804
 Temple: D:4-7

Altars:
Hepliaklqana

Annotations:
D:4 Duvessa


Innate Abilities, Weirdness & Mutations

Your life essence is reduced to manifest your ancestor. (-10% HP)
You passively map a small area around you.
You are easily found by Zot.
You glow in the dark.
You regain HP and MP as you explore.


Message History

Duvessa is severely wounded.
Duvessa closely misses you. Duvessa hits you but does no damage.
You barely miss Duvessa.
Duvessa is severely wounded.
You block Duvessa's attack. Duvessa hits you but does no damage.
You hit Duvessa.
Duvessa is severely wounded.
Duvessa barely misses you. Duvessa hits you with a +0 short sword.
You barely miss Duvessa.
Duvessa is severely wounded.
Duvessa hits you but does no damage. Duvessa barely misses you.
You hit Duvessa.
Duvessa is severely wounded.
Duvessa hits you with a +0 short sword. You block Duvessa's attack.
You hit Duvessa.
Duvessa is severely wounded.
Duvessa barely misses you.
A hobgoblin comes into view.
The hobgoblin shouts!
You slash Duvessa!
Duvessa is almost dead.
You block Duvessa's attack. Duvessa hits you with a +0 short sword!
* * * LOW HITPOINT WARNING * * *
You barely miss Duvessa.
Duvessa is almost dead.
Duvessa hits you but does no damage. Duvessa hits you with a +0 short sword.
* * * LOW HITPOINT WARNING * * *
Okay, then.
You closely miss Duvessa.
Duvessa is almost dead.
Duvessa hits you with a +0 short sword.
* * * LOW HITPOINT WARNING * * *
Duvessa completely misses you.
You hit Duvessa.
Duvessa is almost dead.
You block Duvessa's attack. Duvessa barely misses you.
You barely miss Duvessa.
Duvessa is almost dead.
Duvessa hits you with a +0 short sword.
You die...

#. * .* ### *.###### ** .
#.. ,.....# * . #.# #
#..#.# * +# , . #.#
#.#..#.# ... . #.#
#.#..#.# *.... , . #.#
#......# *..... , *
.#####.#####....###......
.<.............)@eg.!....
.#####..........###......
# #######....# ....(
###..# .... * ##.# **...
#.# *+# #.# , * *#.# *,
..., ,


You could see Duvessa (berserk, very drained) and a hobgoblin.

Vanquished Creatures
  Dowan (D:4)
  Jessica (D:2)
  4 adders
  An orc (D:3)
  An endoplasm (D:2)
  4 giant cockroaches
  4 hobgoblins (D:2)
  3 kobolds
  2 rats
21 creatures vanquished.

Vanquished Creatures (collateral kills)
  A giant cockroach (D:2)
  A goblin (D:2)
  2 bats (D:3)
  3 frilled lizards (D:2)
  A rat (D:2)
8 creatures vanquished.

Vanquished Creatures (others)
  A hexer (D:4)
  An ancestor (D:2)
2 creatures vanquished.

Grand Total: 31 creatures vanquished

Notes
Turn   | Place    | Note
-------+----------+-------------------------------------------
     0 | D:1      | Coron the Meteoran Fighter began the quest for the Orb.
     0 | D:1      | Reached XP level 1. HP: 19/19 MP: 2/2
    16 | D:1      | Found a faded altar of an unknown god.
    29 | D:1      | Prayed at the altar of an unknown god.
    29 | D:1      | Became a worshipper of Hepliaklqana the Forgotten
    29 | D:1      | Reached * piety under Hepliaklqana
    88 | D:2      | Reached XP level 2. HP: 20/23 MP: 3/3
   137 | D:2      | Reached XP level 3. HP: 27/27 MP: 4/4
   142 | D:2      | Reached skill level 4 in Armour
   164 | D:2      | Noticed Jessica
   167 | D:2      | Killed Jessica
   168 | D:2      | Reached XP level 4. HP: 30/36 MP: 5/5
   279 | D:2      | Reached ** piety under Hepliaklqana
   280 | D:2      | Remembered your ancestor Raika as a hexer
   447 | D:3      | Reached XP level 5. HP: 34/41 MP: 6/6
   542 | D:4      | Noticed Duvessa
   542 | D:4      | Noticed Dowan
   551 | D:4      | Killed Dowan
   552 | D:4      | Reached skill level 5 in Armour
   572 | D:4      | Slain by Duvessa

Illustrated notes

Levels and vault maps discovered:
D:1:      scummos_arrival_star, layout_loops_ring,
          hellmonk_ecumenical_altar_inner_sanctum, moated_statue, minmay_cupped
D:2:      layout_basic, grunt_ministairs_15, uniq_jessica
D:3:      layout_loops_corners, serial_shops, shop
D:4:      layout_loops_corners, uniq_duvessa

Skill      XL: |  1  2  3  4  5 |
---------------+----------------+-----
Axes           | 3 4 |  4.2
Armour         | 4 5 |  5.0
Shields        | 4 |  4.0
Fighting       | 4 |  4.0

Action                   |  1- 3 |  4- 6 || total
-------------------------+-------+-------++-------
Melee: War axe           |    24 |    43 ||    67
Throw: Stone             |     1 |       ||     1
Invok: Ancestor Identity |     1 |       ||     1
       Ancestor Life: He |       |     1 ||     1
 Stab: Distracted        |       |     1 ||     1
       Confused          |       |     1 ||     1
Armor: Scale mail        |     9 |    26 ||    35
Dodge: Dodged            |    13 |    15 ||    28
Block: Buckler           |    10 |    10 ||    20
